 Dungeon Crawl Stone Soup version 0.18.1-5-g4a78601 (webtiles) character file.

4262 Armakuni the Nimble (level 10, 64/64 HPs)
             Began as a Deep Elf Ice Elementalist on May 5, 2016.
             Was a Believer of Vehumet.
             Drowned
             ... on level 8 of the Dungeon on May 10, 2016.
             The game lasted 00:41:32 (7944 turns).

Armakuni the Nimble (Deep Elf Ice Elementalist)     Turns: 7944, Time: 00:41:33

Health: 64/64      AC:  9    Str:  8    XL:     10   Next: 10%
Magic:  22/22      EV: 22    Int: 21    God:    Vehumet [**....]
Gold:   125        SH:  0    Dex: 17    Spells: 3 memorised, 14 levels left

rFire  . . .     SeeInvis .     a - +9 hunting sling "Kinnam" {flame, Dex+2}
rCold  . . .     Gourm    +     s - +0 steam dragon armour
rNeg   . . .     Faith    .     (no shield)
rPois  +         Spirit   .     p - +1 helmet
rElec  .         Dismiss  .     q - +0 cloak
rCorr  .         Reflect  .     (no gloves)
SustAt .         Harm     .     n - +0 pair of boots
MR     +....                    G - amulet of the gourmand
Stlth  +.........               P - ring of poison resistance
                                E - +4 ring of evasion

@: somewhat resistant to hostile enchantments, very unstealthy
A: no striking features
a: Renounce Religion


You were on level 8 of the Dungeon.
You worshipped Vehumet.
Vehumet was pleased with you.
You were not hungry.

You visited 2 branches of the dungeon, and saw 9 of its levels.

You collected 432 gold pieces.
You spent 307 gold pieces at shops.

Inventory:

Hand Weapons
 a - the +9 hunting sling "Kinnam" (weapon) {flame, Dex+2}
   (You found it on level 5 of the Dungeon)

   It causes projectiles fired from it to burn those they strike, causing extra
   injury to most foes and up to half again as much damage against particularly
   susceptible opponents.
   It affects your dexterity (+2).
 b - a +3 quarterstaff of chaos
Missiles
 e - a throwing net
 j - 37 sling bullets (quivered)
 m - 7 javelins
Armour
 n - a +0 pair of boots (worn)
 p - a +1 helmet (worn)
 q - a +0 cloak (worn)
 s - a +0 steam dragon armour (worn)
 N - a +2 buckler of protection
Jewellery
 E - a +4 ring of evasion (left hand)
 F - an uncursed ring of fire
 G - an amulet of the gourmand (around neck)
 I - an uncursed ring of see invisible
 P - a ring of poison resistance (right hand)
Wands
 v - a wand of slowing (28/48)
 x - a wand of iceblast (6/15)
Scrolls
 d - a scroll of teleportation {unknown}
 f - a scroll of fear {unknown}
 g - 2 scrolls of enchant armour
 i - 4 scrolls of noise
 l - 3 scrolls of remove curse
 o - 2 scrolls of immolation
 r - 2 scrolls of amnesia {unknown}
 t - 4 scrolls of identify
 w - 2 scrolls of fog {unknown}
 L - a scroll of blinking {unknown}
Potions
 k - 2 potions of cancellation
 A - 3 potions of invisibility
 B - 3 potions of lignification
 C - 2 potions of curing {unknown}
 D - 2 potions of brilliance
 H - 5 potions of might
Books
 h - a book of Frost

   Spells                             Type                      Level
   a - Freeze                         Ice                          1
   b - Throw Frost                    Conjuration/Ice              2
   c - Ozocubu's Armour               Charms/Ice                   3
   d - Throw Icicle                   Conjuration/Ice              4
   e - Summon Ice Beast               Ice/Summoning                4
 J - a book of Transfigurations

   Spells                             Type                      Level
   a - Irradiate                      Conjuration/Transmutation    5
   b - Statue Form                    Transmutation/Earth          6
   c - Hydra Form                     Transmutation                6
   d - Dragon Form                    Transmutation                7
Comestibles
 c - 7 bread rations
 y - 6 meat rations
 K - 8 slices of pizza
 M - a beef jerky


   Skills:
 * Level 7.7 Fighting
 - Level 8.4 Dodging
 - Level 2.4 Stealth
 - Level 6.9 Spellcasting
   Level 1.1 Conjurations
 - Level 2.6 Charms
 - Level 4.9 Summonings
 - Level 7.3 Ice Magic


You had 14 spell levels left.
You knew the following spells:

 Your Spells              Type           Power        Failure   Level  Hunger
n - Summon Ice Beast      Ice/Summ       ####....     10%         4    ###....
o - Ozocubu's Armour      Chrm/Ice       ####....     3%          3    #......
z - Freeze                Ice            ####         1%          1    None


Dungeon Overview and Level Annotations

Branches:
Dungeon (8/15)             Temple (1/1) D:4
   Lair: D:8-11

Altars:
Ashenzari
Cheibriados
Dithmenos
Elyvilon
Fedhas
Gozag
Kikubaaqudgha
Makhleb
Nemelex Xobeh
Okawaru
Pakellas
Qazlal
Ru
Sif Muna
Trog
Vehumet
Xom
Yredelemnul
Zin
The Shining One

Shops:
D:5 (=   D:6 *


Message History

You feel less confused. Why would you want to do that?
Drink which item? (? for menu, Esc to quit)
Okay, then.
Read which item? (? for menu, Esc to quit)
Identify which item? (\ to view known items) (? for menu, Esc to quit)
As you read the scroll of identify, it crumbles to dust.
z - a potion of flight Read which item? (? for menu, Esc to quit)
Okay, then.
Drink which item? (? for menu, Esc to quit)
You feel very buoyant.
You fly up into the air.
You start waiting.
Careful!
You are starting to lose your buoyancy.
You start waiting.
You float gracefully downwards.
You fall into the water!
You sink like a stone!
You drown...
You die...

####.....#P≈≈≈≈## #.≈≈≈≈.# ##≈≈≈§
.........##≈≈≈≈§###.≈##≈.###≈≈≈≈≈
#####....# #§§≈§≈#..≈##≈..#≈≈≈≈≈#
....#....# #≈§§≈...≈##≈...≈≈§≈#
###.#....# #§§.§.≈≈##≈≈...§≈##
....#....# ##§..≈≈####≈≈...##
#####....#####...≈≈## ##≈≈...###
....#.#..#......≈≈## ##≈≈.....
###.#.#.....≈≈≈≈@## ##≈≈≈≈≈.
....#......≈≈##### #####≈≈
#####......≈≈##### #####≈≈
.......#....≈≈≈≈≈## ##≈≈≈≈≈.
....#.##.#...(..≈≈## ##≈≈.....
###...##.#####...≈≈## ##≈≈...###
...#.....# ##...≈≈####≈≈...##
.#.......# ##≈§.§.≈≈##≈≈...≈≈#
.##......# #≈§§≈...≈##≈...≈§§§#


There were no monsters in sight!

Vanquished Creatures
  Psyche (D:8)
  A yak (D:7)
  A hungry ghost (D:7)
  A hippogriff (D:8)
  A human (D:7)
  A steam dragon (D:7)
  A water moccasin (D:8)
  2 ice beasts
  A black bear (D:6)
  3 sky beasts
  5 ogres
  An eye of draining (D:7)
  3 phantoms
  2 centaurs (D:6)
  4 giant frogs
  A water moccasin zombie (D:7)
  2 scorpions
  A water moccasin skeleton (D:5)
  3 vampire bats (D:2)
  4 crimson imps
  A giant frog zombie (D:6)
  3 orc priests
  Crazy Yiuf (D:2)
  A giant frog skeleton (D:6)
  2 hounds
  Terence (D:3)
  2 orc wizards
  An iguana (D:7)
  Ijyb (D:2)
  4 worker ants
  3 sheep (D:7)
  A hound zombie (D:6)
  Robin (D:2)
  9 adders
  A gnoll (D:4)
  3 shadow imps
  2 oozes
  An adder skeleton (D:4)
  An adder zombie (D:7)
  2 worms
  2 dart slugs
  5 giant geckos
  16 orcs
  5 bats
  4 bat skeletons (D:2)
  2 bat zombies (D:2)
  4 giant cockroaches
  15 goblins
  7 hobgoblins
  10 jackals
  8 kobolds
  A ball python (D:1)
  A giant gecko skeleton (D:7)
  7 giant newts
  A quokka zombie (D:5)
  8 rats
176 creatures vanquished.

Vanquished Creatures (collateral kills)
  Sigmund (D:2)
  Eustachio (D:4)
  A sky beast (D:8)
  Blork the orc (D:4)
  An orc priest (D:8)
  A hound (D:8)
  5 orcs
  A giant newt (D:4)
12 creatures vanquished.

Vanquished Creatures (others)
  A giant frog skeleton (D:4)
  An orc wizard (D:7)
2 creatures vanquished.

Grand Total: 190 creatures vanquished

Notes
Turn   | Place    | Note
--------------------------------------------------------------
     0 | D:1      | Armakuni the Deep Elf Ice Elementalist began the quest for the Orb.
     0 | D:1      | Reached XP level 1. HP: 10/10 MP: 6/6
    52 | D:1      | Reached skill level 1 in Fighting
   106 | D:1      | Reached XP level 2. HP: 15/16 MP: 5/8
   585 | D:2      | Reached XP level 3. HP: 21/21 MP: 9/9
   639 | D:2      | Noticed Robin
   670 | D:2      | Learned a level 3 spell: Ozocubu's Armour
   961 | D:2      | Killed Robin
   961 | D:2      | Reached XP level 4. HP: 23/27 MP: 4/10
   993 | D:2      | Learned a level 4 spell: Summon Ice Beast
  1046 | D:2      | Noticed Sigmund
  1163 | D:2      | Killed Sigmund
  1163 | D:2      | Reached skill level 1 in Summonings
  1163 | D:2      | Reached XP level 5. HP: 31/31 MP: 6/11
  1276 | D:2      | Noticed Ijyb
  1282 | D:2      | Killed Ijyb
  1379 | D:2      | Upgraded the game from 0.18.0-1-g0107ab7 to 0.18.0-2-g198d6d4
  1614 | D:2      | Noticed Crazy Yiuf
  1622 | D:2      | Killed Crazy Yiuf
  2010 | D:2      | Found an ancient bone altar of Kikubaaqudgha.
  2025 | D:2      | Reached XP level 6. HP: 32/36 MP: 12/12
  2054 | D:2      | Upgraded the game from 0.18.0-2-g198d6d4 to 0.18.1-1-g2f07953
  2523 | D:3      | Reached skill level 5 in Ice Magic
  3031 | D:3      | Reached skill level 3 in Dodging
  3031 | D:3      | Reached XP level 7. HP: 29/40 MP: 5/13
  3124 | D:3      | Noticed Terence
  3135 | D:3      | Killed Terence
  3343 | D:4      | Noticed Eustachio
  3364 | D:4      | Killed Eustachio
  3462 | D:4      | Noticed Blork the orc
  3477 | D:4      | Killed Blork the orc
  3543 | D:4      | Found a staircase to the Ecumenical Temple.
  3552 | Temple   | Entered the Ecumenical Temple
  3620 | Temple   | Became a worshipper of Vehumet
  3645 | D:4      | Reached skill level 4 in Dodging
  3800 | D:4      | Found an iron altar of Okawaru.
  4040 | D:4      | Reached XP level 8. HP: 34/48 MP: 14/14
  4133 | D:4      | Reached skill level 5 in Dodging
  4288 | D:4      | Found a glowing silver altar of Zin.
  4288 | D:4      | Found a bloodstained altar of Trog.
  4394 | D:5      | Entered Level 5 of the Dungeon
  4812 | D:5      | Found Xeaclaz's Antique Weapon Shop.
  4961 | D:5      | Got a slimy hunting sling
  4962 | D:5      | Identified the +9 hunting sling "Kinnam" {flame, Dex+2} (You found it on level 5 of the Dungeon)
  5115 | D:5      | Reached skill level 6 in Dodging
  5120 | D:5      | Found Desuts's Jewellery Boutique.
  5127 | D:5      | Bought a cursed -4 ring of intelligence for 20 gold pieces
  5127 | D:5      | Bought a cursed ring of teleportation for 45 gold pieces
  5127 | D:5      | Bought an uncursed ring of poison resistance for 200 gold pieces
  5533 | D:6      | Reached * piety under Vehumet
  5533 | D:6      | Offered knowledge of Sandblast by Vehumet.
  5603 | D:6      | Reached skill level 5 in Fighting
  5676 | D:6      | Reached XP level 9. HP: 45/54 MP: 14/17
  5798 | D:6      | Found Misot's General Store.
  5805 | D:6      | Bought a scroll of identify for 28 gold pieces
  5814 | D:6      | Bought a scroll of random uselessness for 14 gold pieces
  5925 | D:7      | Reached skill level 7 in Dodging
  6025 | D:7      | Reached skill level 5 in Spellcasting
  6118 | D:7      | Upgraded the game from 0.18.1-1-g2f07953 to 0.18.1-2-ga659475
  6331 | D:7      | Found an oddly glowing altar of Pakellas.
  6594 | D:7      | Found a burning altar of Makhleb.
  6654 | D:7      | Found a sacrificial altar of Ru.
  6853 | D:8      | Reached skill level 8 in Dodging
  6863 | D:8      | Noticed Psyche
  6872 | D:8      | Reached ** piety under Vehumet
  6872 | D:8      | Offered knowledge of Shock by Vehumet.
  6878 | D:8      | Killed Psyche
  7268 | D:8      | Reached XP level 10. HP: 63/63 MP: 22/22
  7424 | D:8      | Found a sparkling altar of Nemelex Xobeh.
  7512 | D:8      | Found a glowing golden altar of the Shining One.
  7517 | D:8      | Found a sacrificial altar of Ru.
  7573 | D:8      | Found a shimmering altar of Xom.
  7916 | D:8      | Upgraded the game from 0.18.1-2-ga659475 to 0.18.1-5-g4a78601
  7944 | D:8      | Drowned

Skill      XL: |  1  2  3  4  5  6  7  8  9 |
---------------+----------------------------+-----
Fighting       | 1 2 3 5 7 |  7.7
Charms         | 2 |  2.6
Summonings     | 1 3 4 |  4.9
Ice Magic      | 4 5 6 7 |  7.3
Dodging        | 3 4 6 8 |  8.4
Spellcasting   | 4 6 |  6.9
Stealth        | |  2.4
Conjurations   | |  1.1

Action                   |  1- 3 |  4- 6 |  7- 9 | 10-12 || total
-------------------------+-------+-------+-------+-------++-------
Melee: Short sword       |     7 |     4 |       |       ||    11
       Quarterstaff      |       |   108 |   276 |    41 ||   425
       Dagger            |       |       |       |     8 ||     8
 Fire: Hunting sling     |       |       |    54 |       ||    54
Throw: Javelin           |     3 |     3 |     1 |       ||     7
       Throwing net      |       |       |     2 |       ||     2
 Cast: Freeze            |    49 |    36 |    53 |     3 ||   141
       Summon Ice Beast  |       |     2 |     7 |       ||     9
       Ozocubu's Armour  |       |     4 |    28 |     2 ||    34
  Use: Scroll            |     1 |     5 |     9 |     2 ||    17
       Potion            |       |     1 |     2 |     2 ||     5
 Stab: Sleeping          |     1 |     2 |     3 |     1 ||     7
       Paralysed         |       |     4 |     1 |       ||     5
       Confused          |       |       |     8 |       ||     8
       Distracted        |       |       |     1 |     1 ||     2
       Petrifying        |       |       |     1 |       ||     1
  Eat: Chunk             |       |     6 |    11 |     9 ||    26
       Pizza             |       |     1 |     1 |       ||     2
       Fruit             |       |       |     2 |       ||     2
       Beef jerky        |       |       |     3 |       ||     3
Armor: Robe              |    14 |       |       |       ||    14
       Animal skin       |       |    77 |       |       ||    77
       Steam dragon armo |       |    19 |   132 |    11 ||   162
Dodge: Dodged            |    41 |   147 |   348 |    37 ||   573
